 Dungeon Crawl Stone Soup version 0.30.1-11-g7821555f0a (webtiles) character file.

Game seed: 7947967798424516834

2567 fireball365 the Cleaver (level 9, -4/118 HPs)
             Began as a Hill Orc Fighter on Dec 3, 2023.
             Slain by a killer bee (6 damage)
             ... on level 7 of the Dungeon.
             The game lasted 00:11:34 (5941 turns).

fireball365 the Cleaver (Hill Orc Fighter)          Turns: 5941, Time: 00:11:34

Health: -4/118     AC: 14    Str: 29    XL:     9   Next: 57%
Magic:  9/9        EV: 14    Int:  8    God:
Gold:   355        SH:  5    Dex: 10    Spells: 8/8 levels left

rFire   . . .        a - +0 war axe
rCold   . . .        c - +0 buckler
rNeg    . . .        w - +0 chain mail
rPois   .            o - +0 helmet
rElec   .            j - +0 cloak
rCorr   .            e - +0 pair of gloves
SInv    .            (no boots)
Will    .....        k - amulet of the acrobat Stlth
                     s - +5 ring of evasion
HPRegen 0.39/turn    u - +6 ring of strength
MPRegen 0.11/turn

%: acrobat
@: mighty, berserking, lethally poisoned (-4 -> -6), very quick
A: no striking features
a: no special abilities


You were on level 7 of the Dungeon.
You visited 1 branch of the dungeon, and saw 7 of its levels.

You collected 377 gold pieces.
You spent 22 gold pieces at shops.

Inventory:

Hand Weapons
 a - a +0 war axe (weapon)
Missiles
 y - 5 curare-tipped darts (quivered)
Armour
 b - a +0 scale mail
 c - a +0 buckler (worn)
 e - a +0 pair of gloves (worn)
 j - a +0 cloak (worn)
 o - a +0 helmet (worn)
 w - a +0 chain mail (worn)
Jewellery
 k - an amulet of the acrobat (around neck)
 l - a ring of magical power
 s - a +5 ring of evasion (left hand)
 u - a +6 ring of strength (right hand)
 E - a ring of poison resistance
Wands
 x - a wand of charming (18)
 A - a wand of mindburst (26)
 G - a wand of flame (13)
Scrolls
 f - 3 scrolls of teleportation
 h - 2 scrolls of immolation
 m - a scroll of poison {unknown}
 r - a scroll of amnesia {unknown}
 v - a scroll of summoning {unknown}
 z - a scroll of fear {unknown}
Potions
 g - a potion of brilliance
 p - a potion of mutation {unknown}
 t - 2 potions of magic
 B - a potion of degeneration
 C - 2 potions of berserk rage
 D - a potion of cancellation
 F - a potion of resistance {unknown}


   Skills:
 + Level 7.0 Fighting
 + Level 12.0 Axes
 + Level 6.3 Armour
 + Level 2.1 Dodging
 + Level 1.1 Stealth
 + Level 5.7 Shields
 + Level 0.2 Evocations


You had 8 spell levels left.
You didn't know any spells.
Your spell library contained the following spells:

 Spells                   Type           Power      Damage    Failure   Level
 Apportation              Tloc           0%         N/A       89%         1
 Freeze                   Ice            0%         1d3       89%         1
 Necrotise                Necr           0%         1d4       89%         1
 Slow                     Hex            0%         N/A       89%         1
 Summon Small Mammal      Summ           0%         N/A       89%         1
 Blink                    Tloc           0%         N/A       96%         2
 Poisonous Vapours        Pois/Air       0%         N/A       96%         2
 Confusing Touch          Hex            0%         N/A       99%         3
 Frozen Ramparts          Ice            0%         1d1       99%         3
 Hailstorm                Conj/Ice       0%         3d3       99%         3
 Mephitic Cloud           Conj/Pois/Air  0%         N/A       99%         3
 Vampiric Draining        Necr           0%         2d6       99%         3
 Animate Dead             Necr           0%         N/A       100%        4
 Manifold Assault         Tloc           0%         N/A       100%        4
 Alistair's Intoxication  Tmut/Pois      0%         N/A       100%        5
 Borgnjor's Vile Clutch   Necr/Erth      0%         N/A       100%        5
 Freezing Cloud           Conj/Ice/Air   0%         6-21      100%        5
 Summon Forest            Summ/Tloc      0%         N/A       100%        5
 Summon Mana Viper        Hex/Summ       0%         N/A       100%        5
 Eringya's Noxious Bog    Tmut/Pois      0%         N/A       100%        6
 Summon Cactus Giant      Summ           0%         N/A       100%        6
 Haunt                    Necr/Summ      0%         N/A       100%        7
 Storm Form               Tmut/Air       0%         N/A       100%        7
 Infestation              Necr           0%         N/A       100%        8


Dungeon Overview and Level Annotations

Branches:
Dungeon (7/15)
 Temple: D:4-7

Altars:
Elyvilon
Fedhas
Makhleb
Sif Muna

Shops:
D:1 =   D:5 ?   D:7 :


Message History

You block the killer bee's attack. The killer bee completely misses you.
The killer bee stings you but does no damage.
You block the killer bee's attack.
You miss the killer bee. You barely miss the killer bee.
You miss the killer bee. You hit the orc warrior.
You feel sick.
The killer bee stings you but does no damage.
The killer bee closely misses you. You block the killer bee's attack.
The killer bee completely misses you. The killer bee barely misses you.
The killer bee misses you.
The orc warrior hits you but does no damage.
You slash the killer bee!
The killer bee is almost dead.
You barely miss the orc warrior. You closely miss the killer bee.
You barely miss the killer bee.
You feel sick. The killer bee barely misses you.
The killer bee closely misses you. The killer bee barely misses you.
Unknown command.
You closely miss the killer bee.
The killer bee is almost dead.
You slash the orc warrior!
You kill the orc warrior!
You slash the killer bee! You miss the killer bee.
You feel sick.
The killer bee stings you but does no damage.
The killer bee stings you.
* * * LOW HITPOINT WARNING * * *
The killer bee stings you.
* * * LOW HITPOINT WARNING * * *
You block the killer bee's attack. The killer bee closely misses you.
The killer bee misses you.
Your Fighting skill increases to level 7!
Your Axes skill increases to level 12!
A red film seems to cover your vision as you go berserk!
You feel yourself moving faster!
You feel mighty!
You feel sick.
The killer bee stings you but does no damage.
The killer bee completely misses you. The killer bee stings you.
* * * LOW HITPOINT WARNING * * *
You block the killer bee's attack.
The killer bee stings you but does no damage.
The killer bee stings you.
You die...

.......####.#
.....#.##...#
....##..#...#
......#.#...#
###.#.#.....#
##..#.......# #########
...#####....# #.......#
..(..####...###.......#
#...........y@.....#
####.....###yy)^..!#
####..................#
.....#)..........###.##
####...y.#####.... #
#.....)..# #.....
!......y..# #.....#
.....Jy...# ...##.#
#.......... #### ..


You could see 3 killer bees.

Vanquished Creatures
  Prince Ribbit (D:6)
  Sigmund (D:2)
  Eustachio (D:6)
  A steam dragon (D:5)
  2 ice beasts (D:6)
  An orc warrior (D:7)
  A black bear (D:4)
  An ogre (D:5)
  A phantom (D:5)
  A bullfrog (D:7)
  3 scorpions
  5 wights (D:6)
  7 orc priests
  4 jellies
  2 hounds
  A sleepcap (D:5)
  5 iguanas
  Terence (D:2)
  4 orc wizards (D:5)
  3 gnolls (D:3)
  9 adders
  A white imp (D:5)
  3 ufetubi
  2 worms (D:3)
  3 dart slugs
  23 orcs
  6 endoplasms
  3 giant cockroaches
  3 goblins
  5 hobgoblins
  6 jackals
  6 ball pythons
  5 bats
  3 frilled lizards (D:3)
  4 kobolds
  3 rats
131 creatures vanquished.

Notes
Turn   | Place    | Note
-------+----------+-------------------------------------------
     0 | D:1      | fireball365 the Hill Orc Fighter began the quest for the
                  | Orb.
     0 | D:1      | Reached XP level 1. HP: 19/19 MP: 1/1
    20 | D:1      | Found Hive's Jewellery Emporium.
   270 | D:1      | Reached XP level 2. HP: 22/27 MP: 2/2
   839 | D:2      | Reached skill level 3 in Axes
   851 | D:2      | Reached XP level 3. HP: 26/33 MP: 3/3
  1084 | D:2      | Noticed Sigmund
  1110 | D:2      | Killed Sigmund
  1111 | D:2      | Reached skill level 4 in Axes
  1111 | D:2      | Reached skill level 1 in Dodging
  1111 | D:2      | Reached XP level 4. HP: 27/41 MP: 4/4
  1111 | D:2      | Reached XP level 5. HP: 31/47 MP: 5/5
  1302 | D:2      | Noticed Terence
  1308 | D:2      | Killed Terence
  1309 | D:2      | Reached skill level 5 in Axes
  1788 | D:2      | You fall into a shaft and drop 1 floor!
  1846 | D:3      | HP: 1/47 [orc priest/nerve-wracking pain (9)]
  1849 | D:3      | Reached XP level 6. HP: 1/53 MP: 6/6
  2232 | D:3      | Found a shimmering blue altar of Sif Muna.
  2232 | D:3      | Found a burning altar of Makhleb.
  2234 | D:3      | Found a blossoming altar of Fedhas.
  2258 | D:3      | Found a white marble altar of Elyvilon.
  2890 | D:3      | Reached skill level 6 in Axes
  3253 | D:4      | Reached XP level 7. HP: 25/60 MP: 7/7
  3442 | D:4      | Reached skill level 5 in Armour
  3566 | D:4      | Reached skill level 7 in Axes
  4044 | D:5      | Entered Level 5 of the Dungeon
  4061 | D:5      | Reached skill level 5 in Fighting
  4174 | D:5      | Reached skill level 8 in Axes
  4184 | D:5      | Reached XP level 8. HP: 54/68 MP: 8/8
  4611 | D:5      | Reached skill level 9 in Axes
  4792 | D:5      | Found The Oracle's Delphic Readings.
  4802 | D:5      | Bought a scroll of identify for 22 gold pieces
  5144 | D:6      | Noticed Eustachio
  5161 | D:6      | Killed Eustachio
  5162 | D:6      | Reached skill level 10 in Axes
  5162 | D:6      | Reached skill level 5 in Shields
  5190 | D:6      | Reached skill level 1 in Stealth
  5205 | D:6      | Reached XP level 9. HP: 75/78 MP: 9/9
  5235 | D:6      | Reached skill level 11 in Axes
  5360 | D:6      | Noticed Prince Ribbit
  5389 | D:6      | Killed Prince Ribbit
  5824 | D:7      | Found Ala Don's Book Emporium.
  5825 | D:7      | Noticed a walking frostbound tome
  5828 | D:7      | Noticed a walking crystal tome
  5940 | D:7      | HP: 3/78 [killer bee (4)]
  5941 | D:7      | Reached skill level 12 in Axes
  5941 | D:7      | Slain by a killer bee

Illustrated notes

Levels and vault maps discovered:
D:1:      dpeg_arrival_leaves_temple_mockup, layout_basic, serial_shops, shop
D:2:      layout_loops_corners, kennysheep_small_spiral, minivault_23,
          uniq_sigmund, uniq_terence
D:3:      minmay_inner_zag, layout_loops_corners,
          nicolae_overflow_quartered_altars
D:4:      layout_loops_ring
D:5:      layout_gridville, chequers_serial_rivers_micro_a,
          nicolae_nh_oracle_at_delphi
D:6:      layout_basic, uniq_prince_ribbit1, uniq_eustachio
D:7:      layout_rooms, minmay_temple_entry_from_below_a, serial_shops,
          nicolae_shop_mannequins, chequers_serial_rivers_small_3

Skill      XL: |  1  2  3  4  5  6  7  8  9 |
---------------+----------------------------+-----
Axes           | 3 4 5 6 8 10 12 | 12.0
Fighting       | 4 5 6 7 |  7.0
Armour         | 4 5 6 |  6.3
Dodging        | 1 2 |  2.1
Shields        | 4 5 |  5.7
Stealth        | 1 |  1.1
Evocations     | |  0.2

Action                     |  1- 3 |  4- 6 |  7- 9 || total
---------------------------+-------+-------+-------++-------
  Melee: War axe           |    61 |   137 |   230 ||   428
  Evoke: Wand              |       |       |     6 ||     6
    Use: Scroll            |     1 |     4 |     5 ||    10
         Potion            |       |     1 |     6 ||     7
 Armour: Scale mail        |    48 |    33 |       ||    81
         Chain mail        |       |    12 |   146 ||   158
  Dodge: Dodged            |    48 |   130 |   281 ||   459
  Block: Buckler           |    18 |    50 |    97 ||   165
